Map: Catalyst LE

Players

Optimus

  • Race: Terran Terran
  • League: Grandmaster
  • Spawn Location: 11:00

Socke - Winner!

  • Race: Protoss Protoss
  • League: Master
  • Spawn Location: 5:00

Event: HomeStory Cup XVI

VOD

Have the link to the VOD?

Description

Time

  • Played on: Nov. 10, 2017, 8:58 a.m.
  • Length: 7:03

All games in this series

Show
View Real Time Build Order
Export as new Build Order

Optimus Terran 

Build Orders:  

Get SALT Encoding   

  12  0:00  SCV  
  13  0:12  SCV  
  14  0:18  Supply Depot  
  14  0:41  Barracks  
  14  0:43  Refinery  
  14  0:54  Barracks  
  14  1:00  SCV  
  15  1:12  SCV  
  16  1:27  Reaper  
  16  1:28  Orbital Command  
  17  1:43  Reaper  
  18  1:47  Bunker  
  18  1:50  Supply Depot  
  18  1:54  SCV  
  18  2:09  SCV  
  18  2:13  Reaper  
  20  2:16  Refinery  
  20  2:21  SCV  
  21  2:27  Reaper  
  21  2:33  SCV  
  21  2:35  Supply Depot  
  22  2:45  SCV  
  22  2:46  Reaper  
  24  2:57  SCV  
  25  2:59  Factory  
  25  3:09  SCV, Engineering Bay  
  26  3:22  SCV  
  26  3:34  SCV  
  27  3:40  Missile Turret  
  27  3:46  Command Center  
  27  3:49  Starport  
  27  3:57  Cyclone  
  30  4:09  SCV  
  30  4:20  Supply Depot  
  30  4:22  SCV  
  31  4:29  Liberator, Cyclone  
  34  4:34  SCV  
  36  4:46  SCV  
  36  4:49  Supply Depot  
  38  4:58  SCV  
  39  5:05  Cyclone  
  40  5:10  SCV  
  40  5:12  Marine  
  42  5:22  SCV  
  37  5:30  Marine  
  36  5:40  Cyclone  
  38  5:46  Viking  
  38  5:48  Marine  
  39  5:54  SCV  
  25  6:15  SCV  
  25  6:28  SCV  
  25  6:29  Marine  
  30  6:40  SCV  
Show
View Real Time Build Order
Export as new Build Order

Socke Protoss - Winner!

Build Orders:  

Get SALT Encoding   

  12  0:02  Probe (Chrono Boost)  
  14  0:14  Probe (Chrono Boost)  
  14  0:17  Pylon  
  14  0:25  Probe (Chrono Boost)  
  15  0:31  Probe (Chrono Boost)  
  16  0:38  Gateway  
  16  0:40  Probe (Chrono Boost)  
  17  0:47  Assimilator  
  17  0:52  Probe (Chrono Boost)  
  19  1:04  Probe (Chrono Boost)  
  19  1:20  Probe (Chrono Boost)  
  20  1:27  Cybernetics Core  
  20  1:28  Assimilator  
  20  1:30  Pylon  
  20  1:31  Zealot  
  20  1:32  Probe (Chrono Boost)  
  23  1:50  Probe (Chrono Boost)  
  23  1:52  Stalker  
  25  2:02  Probe (Chrono Boost)  
  27  2:14  Stalker, Warp Gate, Probe (Chrono Boost)  
  29  2:27  Probe (Chrono Boost)  
  28  2:37  Pylon  
  28  2:39  Probe (Chrono Boost)  
  28  2:44  Stalker  
  31  2:56  Robotics Facility  
  31  2:57  Probe (Chrono Boost)  
  32  3:04  Stalker  
  32  3:31  Shield Battery  
  32  3:33  Stalker  
  32  3:40  Immortal  
  32  3:42  Robotics Facility  
  32  3:47  Pylon  
  36  3:51  Pylon  
  33  4:12  Warp Prism  
  33  4:29  Stalker  
  32  4:46  Gateway  
  32  4:49  Gateway  
  32  5:08  Stalker  
  34  5:17  Immortal  
  29  5:39  Probe (Chrono Boost)  
  29  5:51  Stalker x2  
  29  6:09  Warp Prism  
  27  6:23  Stalker  
  28  6:25  Observer  
  28  6:31  Stalker  
Tags
 
Add a new tag
Caveats
  • Supply blocks, unpowered buildings, or Contaminate may cause inaccurate times.
  • Supply counts are checked every 10 seconds.